AoeStats
← KootH.

African Clearing

505342382Analyzed
4v4 RM · 24d ago on Sep 8, 2026· 41m 29s· 8 players
Game mode
Random Map
Map size
Large (8 player)
Population
200
Speed
Normal
Resources
Standard
Victory
Conquest
Starting age
Dark Age
Ending age
Imperial Age
RankedLock teamsTeams togetherTeam positionsShared explorationLock speedFull tech treeHidden civsTurbo modeCheats
Victory
Defeat
🇨🇱 Khitans · Chile
1627
+11
🇨🇱 Mongols · Chile
1548
+14
🇨🇱 Chinese · Chile
1540
+14
🇨🇱 Huns · Chile
1385
+20
🇨🇱 Huns · Chile
1581
-18
🇦🇷 Bohemians · Argentina
1487
-14
🇪🇨 Celts · Ecuador
1471
-14
🇨🇴 Berbers · Colombia
1445
-13
Dylan L
7:22 Loom
10:34 Loom
12:19 Feudal Age
16:36 Castle Age
20:55 Double-Bit Axe
27:18 Fervor
33:34 Fletching
40:55 Imperial Age
39:09 Bodkin Arrow
40:01 Padded Archer Armor
41:04 Ballistics
41:17 Leather Archer Armor
letmebelieve
6:30 Loom
12:47 Feudal Age
17:47 Castle Age
17:11 Double-Bit Axe
18:24 Fletching
18:46 Bow Saw
19:24 Bodkin Arrow
20:38 Padded Archer Armor
28:45 Ballistics
29:13 Thumb Ring
31:13 Bloodlines
32:06 Husbandry
34:50 Leather Archer Armor
35:13 Wheelbarrow
37:19 Hand Cart
41:57 Imperial Age
40:47 Elite Skirmisher
[ECU] Tecno>Luis
3:08 Loom
14:31 Feudal Age
15:33 Double-Bit Axe
15:29 Horse Collar
22:56 Castle Age
21:37 Scale Mail Armor
25:30 Bow Saw
25:42 Horse Collar
26:18 Town Watch
28:46 Gambesons
31:39 Wheelbarrow
30:54 Pikeman
32:16 Chain Mail Armor
37:41 Imperial Age
37:23 Ballistics
38:23 Forging
37:48 Heavy Scorpion
39:33 Chemistry
39:20 Conscription
38:53 Gold Mining
39:54 Furor Celtica
41:35 Plate Mail Armor
KootH.
3:35 Loom
13:27 Feudal Age
14:38 Double-Bit Axe
24:46 Fletching
24:56 Padded Archer Armor
27:55 Horse Collar
32:43 Castle Age
32:10 Stone Mining
33:35 Bow Saw
33:23 Elite Skirmisher
[CL]CHiNO
3:30 Loom
12:07 Feudal Age
12:38 Double-Bit Axe
17:15 Scale Barding Armor
18:43 Bloodlines
24:14 Fletching
28:01 Wheelbarrow
32:42 Castle Age
31:30 Horse Collar
32:38 Gold Mining
33:22 Husbandry
33:49 Chain Barding Armor
EzZe
3:54 Loom
14:37 Feudal Age
15:29 Double-Bit Axe
15:36 Horse Collar
18:52 Castle Age
20:10 Town Watch
24:39 Fletching
25:57 Bodkin Arrow
27:02 Gold Mining
27:33 Padded Archer Armor
28:37 Ballistics
29:52 Thumb Ring
31:37 Wheelbarrow
35:06 Imperial Age
36:04 Gold Shaft Mining
35:46 Hand Cart
36:18 Parthian Tactics
35:56 Bracer
36:26 Heavy Cavalry Archer
38:17 Leather Archer Armor
39:29 Chemistry
39:42 Bloodlines
39:33 Husbandry
[CL] Sebag
10:22 Loom
12:08 Feudal Age
16:15 Castle Age
14:42 Double-Bit Axe
15:08 Fletching
16:58 Bodkin Arrow
17:19 Bow Saw
20:42 Ballistics
20:55 Padded Archer Armor
26:52 Horse Collar
27:48 Husbandry
27:58 Bloodlines
30:59 Wheelbarrow
35:54 Imperial Age
33:21 Gold Mining
33:23 Stone Mining
33:49 Thumb Ring
33:54 Heavy Plow
35:18 Gold Shaft Mining
35:06 Hand Cart
36:44 Bracer
37:45 Chemistry
37:07 Conscription
37:59 Elite Mangudai
41:27 Capped Ram
[CL]Jupy
10:28 Loom
12:42 Feudal Age
13:15 Double-Bit Axe
14:44 Forging
16:36 Fletching
18:52 Wheelbarrow
18:49 Domestication
22:22 Padded Archer Armor
25:50 Castle Age
24:14 Scale Barding Armor
24:12 Gold Mining
27:21 Iron Casting
26:07 Light Cavalry
26:58 Bodkin Arrow
28:00 Bow Saw
28:03 Elite Skirmisher
28:54 Heavy Cavalry Archer
30:30 Stone Mining
31:50 Pastoralism
34:42 Hand Cart
36:06 Ballistics
38:15 Thumb Ring
38:26 Leather Archer Armor
Connection lost

Rejoining the realm…

Still unreachable

The connection could not be restored.

Session expired

The server has moved on; the page needs a fresh start.